 Dungeon Crawl Stone Soup version 0.25-a0-558-g78a2afb0af (webtiles) character file.

Game seed: 4190405489666628452, levelgen mode: classic

29485 EnegeticOcto the Demolition Dwarf (level 13, -2/124 HPs)
             Began as a Deep Dwarf Fighter on Feb 24, 2020.
             Was an Elder of Makhleb.
             Slain by a demonic crawler (5 damage)
             ... summoned by a deep elf mage
             ... on level 13 of the Dungeon.
             The game lasted 00:07:36 (10040 turns).

EnegeticOcto the Demolition Dwarf (DDFi)           Turns: 10040, Time: 00:07:36

Health: -2/124     AC: 17    Str: 25    XL:     13   Next: 15%
Magic:  13/13      EV:  9    Int:  9    God:    Makhleb [****..]
Gold:   1283       SH:  0    Dex: 12    Spells: 12/12 levels left

rFire    . . .     SeeInvis +   x - +4 war axe (freeze)
rCold    . . .     Gourm    .   c - +1 kite shield
rNeg     . . .     Faith    .   g - +0 plate armour
rPois    +         Spirit   .   C - +2 helmet
rElec    .         Reflect  .   (no cloak)
rCorr    .         Harm     .   (no gloves)
MR       +....                  (no boots)
Stlth    ..........             (no amulet)
HPRegen  0.00/turn              o - ring of see invisible
MPRegen  0.13/turn              r - ring of poison resistance

@: confused, non-regenerating, drained
A: damage resistance, heal wounds, sense surroundings 2, no regeneration
a: Heal Wounds, Minor Destruction, Lesser Servant of Makhleb, Major Destruction,
Renounce Religion


You were on level 13 of the Dungeon.
You worshipped Makhleb.
Makhleb was greatly pleased with you.
You were hungry.

You visited 3 branches of the dungeon, and saw 18 of its levels.

You collected 1283 gold pieces.

Inventory:

Hand Weapons
 x - a +4 war axe of freezing (weapon)
Armour
 c - a +1 kite shield (worn)
 g - a +0 plate armour (worn)
 C - a +2 helmet (worn)
Jewellery
 b - an uncursed ring of protection from magic
 o - a ring of see invisible (left hand)
 r - a ring of poison resistance (right hand)
Wands
 a - a wand of digging (12) {@v2}
 d - a wand of flame (27)
 v - a wand of paralysis (16)
 z - a wand of iceblast (26)
Scrolls
 f - 3 scrolls of magic mapping {@r5}
 h - 5 scrolls of identify {@r1}
 l - 10 scrolls of remove curse {@r6}
 p - 2 scrolls of blinking {@r3}
 y - 4 scrolls of teleportation {@r2}
 B - a scroll of enchant armour
 F - a scroll of fear
Potions
 i - a potion of ambrosia
 j - 3 potions of stabbing {@q5}
 k - 3 potions of might {@q3}
 m - 2 potions of resistance {@q6}
 n - 2 potions of haste {@q4}
 q - 2 potions of cancellation
 s - 7 potions of curing {@q1}
 u - a potion of heal wounds {@q2}
 A - a potion of mutation {unknown}
Comestibles
 e - 33 rations


   Skills:
 * Level 10.4(9.4) Fighting
 * Level 12.0(10.9) Axes
 + Level 9.2(8.2) Armour
 + Level 8.5(7.5) Dodging
 + Level 9.2(8.2) Shields
 * Level 12.4(11.3) Invocations


You had 12 spell levels left.
You didn't know any spells.
Your spell library was empty.

Dungeon Overview and Level Annotations

Branches:
Dungeon (13/15)            Temple (1/1) D:6            Lair (4/6) D:11
  Swamp (0/4) Lair:4       Spider (0/4) Lair:3          Orc (0/2) D:9
 Vaults (0/5) D:13

Altars:
Ashenzari
Cheibriados
Dithmenos
Elyvilon
Fedhas
Gozag
Hepliaklqana
Kikubaaqudgha
Makhleb
Nemelex Xobeh
Okawaru
Qazlal
Ru
Sif Muna
Trog
Uskayaw
Vehumet
Wu Jian
Xom
Yredelemnul
Zin
The Shining One

Shops:
D:8 [

Portals:
Trove: D:10 (give 17 scrolls of teleportation)

Annotations:
D:7 1 runed translucent door, Flugslaktarn's ghost, novice DDFi
D:9 3 runed translucent doors, EnegeticOcto's ghost, novice DDFi
Lair:2 2 runed translucent doors, Tahy's ghost, journeyman FoEE
Lair:3 exclusion: 3 oklob plants


Innate Abilities, Weirdness & Mutations

You are resistant to damage.
You can heal yourself by infusing magical energy.
You passively map the area around you.
You do not regenerate.


Message History

The bolt of negative energy hits the ice devil.
The ice devil completely resists.
The bolt of negative energy hits you!!
You feel drained.
* * * LOW HITPOINT WARNING * * *
The ice devil hits you but does no damage.
The hellwing hits you but does no damage.
You block the hellwing's attack.
You feel much better.
The deep elf mage casts a spell.
The deep elf mage blinks!
You block the redback's attack. The hellwing hits you!
* * * LOW HITPOINT WARNING * * *
The hellwing barely misses you. You block the tarantella's attack.
The demonic crawler hits you but does no damage.
The demonic crawler hits you.
* * * LOW HITPOINT WARNING * * *
You block the demonic crawler's attack.
The deep elf mage mumbles some strange words.
The deep elf mage blinks!
The ice devil hits you!
* * * LOW HITPOINT WARNING * * *
The ice devil freezes you!
* * * LOW HITPOINT WARNING * * *
You block the tarantella's attack. The sun demon hits you!
* * * LOW HITPOINT WARNING * * *
You are engulfed in flames!
* * * LOW HITPOINT WARNING * * *
The demonic crawler hits you but does no damage.
The demonic crawler closely misses you.
The demonic crawler hits you but does no damage.
Your magical essence is drained by the effort!
You feel much better.
The hell rat twitches its whiskers.
The ice devil barely misses you. You block the sun demon's attack.
The demonic crawler hits you but does no damage. x2
You block the demonic crawler's attack. The tarantella bites you.
You are confused.
You're too confused!
You barely miss the deep elf mage.
The deep elf mage is moderately wounded.
You hit the redback. You freeze the redback. You slash the tarantella!
You freeze the tarantella. You closely miss the sun demon.
You slash the ice devil!
The sun demon disappears in a puff of smoke!
The redback bites you.
* * * LOW HITPOINT WARNING * * *
The tarantella bites you.
* * * LOW HITPOINT WARNING * * *
The deep elf mage hits you but does no damage.
The ice devil closely misses you. The redback bites you!
* * * LOW HITPOINT WARNING * * *
You closely miss the deep elf mage.
The deep elf mage is moderately wounded.
You miss the ice devil. You hit the demonic crawler. You hit the tarantella.
You freeze the tarantella. You miss the redback.
The tarantella bites you but does no damage.
The demonic crawler barely misses you. x2
The demonic crawler hits you but does no damage.
The redback bites you.
The deep elf mage hits you but does no damage.
The ice devil hits you but does no damage.
The tarantella bites you but does no damage.
The hellwing swoops through the air toward you!
The hellwing hits you but does no damage.
The hellwing hits you.
The demonic crawler hits you but does no damage. x2
The demonic crawler hits you!
* * * LOW HITPOINT WARNING * * *
The redback bites you!
* * * LOW HITPOINT WARNING * * *
You're too confused!
You miss the deep elf mage.
The deep elf mage is moderately wounded.
You miss the ice devil. You hit the demonic crawler. You miss the tarantella.
You miss the redback. You barely miss the tarantella.
Your plate armour prevents you from hitting the hellwing.
The tarantella barely misses you.
The tarantella bites you but does no damage.
The ice devil hits you but does no damage.
The deep elf mage hits you with a +0 long sword.
The redback closely misses you. The tarantella misses you.
The demonic crawler hits you but does no damage. x3
The hellwing completely misses you.
The hellwing hits you but does no damage.
The tarantella barely misses you.
You hit the hellwing. You freeze the hellwing.
The hellwing is lightly wounded.
You hit the deep elf mage. You freeze the deep elf mage.
You miss the ice devil. You hit the demonic crawler.
You closely miss the tarantella.
Your plate armour prevents you from hitting the redback.
You closely miss the tarantella.
You feel less confused.
The redback bites you but does no damage.
The tarantella bites you.
* * * LOW HITPOINT WARNING * * *
You are confused.
The demonic crawler hits you!
You die...

#.# #.###.....# ####.#####
#.......... , ###........#
#.######### * ##..........#
#(#........
#####..#........#####.#..#####.
+......#............#.#..#)[.#.
,
######.#........###.^.#..#∩..'.
, #...(.....4e.# ###.#..######
#.(≈≈.....s@4# #.#...3.... ,
##.≈⌠()....sss# #.#####...#
#..†()).....r.# #..........
#...)).#..##### #.###†.....
#.#..##..## #.....#####
#........... ####.## *
####......§.. , ##'###### * ,
#.....§..$,,######........ ,
*#......§§§,,#....'........


You could see a demonic crawler, a hellwing, an ice devil, a deep elf mage, 2
tarantellas, a redback and a hell rat.

Vanquished Creatures
  Nessos (D:13)
  2 two-headed ogres
  Pikel (D:9)
  A deep elf mage (D:12)
  A wolf spider zombie (D:13)
  A cyclops (D:12)
  An ugly thing (D:12)
  2 manticores
  2 black mambas
  A gargoyle (D:12)
  2 spiny frogs
  2 rime drakes
  6 komodo dragons
  2 tengu conjurers (D:13)
  3 trolls
  7 blink frogs
  A hornet (D:8)
  6 slime creatures (D:12)
  A bog body (Lair:4)
  A dream sheep (shapeshifter) (D:13)
  5 hippogriffs
  A spriggan (D:7)
  Sigmund (D:3)
  36 yaks
  3 wraiths
  Grum (Lair:1)
  2 vampire mosquitoes (D:11)
  A hungry ghost (D:11)
  A soldier ant (shapeshifter) (D:13)
  4 water moccasins
  2 ice beasts
  4 black bears
  A hornet zombie (D:11)
  2 sky beasts
  2 necrophages
  4 slaves (D:9)
  An eye of draining (D:9)
  2 centaurs
  2 ogres
  11 wolves
  10 crocodiles
  2 big kobolds
  2 wyvern zombies
  8 bullfrogs
  6 scorpions
  A water moccasin skeleton (D:11)
  15 wights
  3 killer bees (D:9)
  An electric eel (D:10)
  6 howler monkeys
  6 crimson imps
  2 bullfrog zombies (D:12)
  A centaur zombie (D:6)
  A quasit (D:9)
  2 jellies (D:8)
  A gnoll shaman (D:5)
  An orc priest (D:13)
  7 hounds
  4 orc wizards
  2 iguanas
  7 worker ants
  A hound zombie (D:7)
  2 hound skeletons
  2 worker ant zombies (D:8)
  A howler monkey skeleton (D:4)
  6 adders
  6 gnolls
  An ooze (D:5)
  An adder zombie (D:6)
  2 worms
  3 adder skeletons
  6 leopard geckos
  11 orcs
  A ball python (D:3)
  7 giant cockroaches
  2 goblins (D:3)
  4 hobgoblins
  10 jackals
  5 quokkas
  4 bats
  A frilled lizard (D:2)
  17 kobolds
  A leopard gecko skeleton (D:7)
  A quokka skeleton (D:5)
  A quokka zombie (D:9)
  3 rats
  3 fungi
  4 plants
324 creatures vanquished.

Vanquished Creatures (collateral kills)
  A fire dragon (D:13)
  3 hydras
  A gargoyle (D:12)
  A komodo dragon (Lair:2)
  A freezing wraith (D:13)
  A basilisk (D:12)
  A sky beast (D:12)
  A big kobold (D:12)
  A wight (D:12)
  An iguana (D:12)
  A worker ant (D:12)
13 creatures vanquished.

Vanquished Creatures (others)
  3 plants
3 creatures vanquished.

Grand Total: 340 creatures vanquished

Notes
Turn   | Place    | Note
-------+----------+-------------------------------------------
     0 | D:1      | EnegeticOcto the Deep Dwarf Fighter began the quest for the
                  | Orb.
     0 | D:1      | Reached XP level 1. HP: 20/20 MP: 1/1
   102 | D:1      | Found a shattered altar of Ashenzari.
   161 | D:2      | Reached XP level 2. HP: 24/27 MP: 2/2
   217 | D:2      | Reached XP level 3. HP: 30/34 MP: 3/3
   284 | D:2      | Reached skill level 1 in Dodging
   830 | D:3      | Noticed Sigmund
   855 | D:3      | Killed Sigmund
   855 | D:3      | Reached XP level 4. HP: 40/44 MP: 2/2
   855 | D:3      | Reached XP level 5. HP: 46/50 MP: 3/3
  1001 | D:4      | Reached XP level 6. HP: 49/57 MP: 4/4
  1293 | D:4      | Found a shimmering altar of Xom.
  1515 | D:5      | Entered Level 5 of the Dungeon
  1595 | D:5      | Reached XP level 7. HP: 50/66 MP: 5/5
  1728 | D:5      | Reached skill level 5 in Axes
  1886 | D:5      | Found a white marble altar of Elyvilon.
  2004 | D:5      | Reached skill level 5 in Fighting
  2166 | D:5      | Found a glowing golden altar of the Shining One.
  2174 | D:5      | Found a basalt altar of Yredelemnul.
  2176 | D:5      | Noticed a profane servitor
  2187 | D:5      | Noticed an angel
  2232 | D:6      | Reached skill level 5 in Armour
  2232 | D:6      | Reached skill level 5 in Shields
  2232 | D:6      | Reached XP level 8. HP: 39/74 MP: 6/6
  2264 | D:6      | Found a staircase to the Ecumenical Temple.
  2272 | Temple   | Entered the Ecumenical Temple
  2349 | Temple   | Became a worshipper of Makhleb the Destroyer
  2420 | D:6      | Reached skill level 1 in Invocations
  3022 | D:7      | Found a hide-covered altar of Uskayaw.
  3024 | D:7      | Found a sacrificial altar of Ru.
  3059 | D:7      | Found a runed translucent door.
  3059 | D:7      | Noticed Flugslaktarn's ghost (novice DDFi)
  3171 | D:7      | Noticed a hippogriff
  3180 | D:7      | Killed a hippogriff
  3211 | D:7      | Reached * piety under Makhleb
  3211 | D:7      | Gained mutation: You passively map the area around you.
                  | [Deep Dwarf growth]
  3211 | D:7      | Reached XP level 9. HP: 57/82 MP: 9/9
  3392 | D:7      | Found a blossoming altar of Fedhas.
  3799 | D:8      | Paralysed by a hornet for 3 turns
  3807 | D:8      | Reached skill level 5 in Invocations
  3824 | D:8      | Found Cughytu's Armour Emporium.
  3826 | D:8      | Noticed a two-headed ogre
  3836 | D:8      | Killed a two-headed ogre
  3836 | D:8      | Reached skill level 5 in Dodging
  3928 | D:8      | Found a stormy altar of Qazlal.
  3993 | D:8      | Found a stormy altar of Qazlal.
  4211 | D:8      | Found a shadowy altar of Dithmenos.
  4282 | D:9      | Found a staircase to the Orcish Mines.
  4285 | D:9      | Noticed Pikel
  4318 | D:9      | Killed Pikel
  4318 | D:9      | Reached XP level 10. HP: 77/94 MP: 9/11
  4526 | D:9      | Found a runed translucent gate.
  4526 | D:9      | Found a runed translucent gate.
  4528 | D:9      | Found a runed translucent gate.
  4531 | D:9      | Noticed EnegeticOcto's ghost (novice DDFi)
  4617 | D:9      | Noticed a two-headed ogre
  4625 | D:9      | Killed a two-headed ogre
  4625 | D:9      | Reached ** piety under Makhleb
  4994 | D:10     | Entered Level 10 of the Dungeon
  5084 | D:10     | Found a portal to a secret trove of treasure.
  5626 | D:10     | Got a fine chain mail
  5637 | D:10     | Identified the cursed +0 chain mail "Butivuafa" {MR+ Dex+2}
                  | (You found it on level 10 of the Dungeon)
  5768 | D:11     | Noticed a manticore
  5785 | D:11     | Killed a manticore
  5847 | D:11     | Reached XP level 11. HP: 78/103 MP: 11/11
  6263 | D:11     | Found a staircase to the Lair.
  6439 | D:12     | Noticed a six-headed hydra
  6504 | Lair:1   | Entered Level 1 of the Lair of Beasts
  6542 | Lair:1   | Noticed Grum
  6564 | Lair:1   | Killed Grum
  6660 | Lair:2   | Reached *** piety under Makhleb
  6732 | Lair:2   | Reached skill level 10 in Axes
  6958 | Lair:2   | Noticed a seven-headed hydra
  6960 | Lair:2   | Found a large runed translucent door.
  6960 | Lair:2   | Found a large runed translucent door.
  6978 | Lair:2   | HP: 3/104 [15-headed hydra (10)]
  6986 | Lair:2   | Killed a 15-headed hydra
  6986 | Lair:2   | Reached skill level 10 in Invocations
  6991 | Lair:2   | Noticed Tahy's ghost (journeyman FoEE)
  7435 | Lair:3   | Found a hole to the Spider Nest.
  7665 | Lair:3   | Noticed an oklob plant
  7665 | Lair:3   | Noticed an oklob plant
  7665 | Lair:3   | Noticed an oklob plant
  8118 | Lair:4   | Reached XP level 12. HP: 88/114 MP: 12/12
  8419 | Lair:4   | Found a staircase to the Swamp.
  8581 | D:12     | Killed a ten-headed hydra
  8887 | D:12     | Reached **** piety under Makhleb
  8917 | D:12     | Noticed a six-headed hydra
  8918 | D:12     | Identified a scroll of acquirement
  8918 | D:12     | Identified the +1 broad axe of Experimentation {vorpal,
                  | *Corrode MR+ Int+4} (You acquired it on level 12 of the
                  | Dungeon)
  8928 | D:12     | Killed a 13-headed hydra
  8941 | D:12     | Reached skill level 10 in Fighting
  9009 | D:12     | Found a glowing golden altar of the Shining One.
  9634 | D:13     | Noticed Nessos
  9651 | D:13     | Killed Nessos
  9651 | D:13     | Reached XP level 13. HP: 100/124 MP: 15/15
  9702 | D:13     | Reached ***** piety under Makhleb
  9812 | D:13     | Noticed a fire dragon
  9831 | D:13     | Killed a fire dragon
  9840 | D:13     | Found a gate to the Vaults.
 10034 | D:13     | HP: 1/124 [sun demon[a deep elf mage] (10)]
 10040 | D:13     | HP: 3/124 [tarantella[a deep elf mage] (2)]
 10040 | D:13     | Slain by a demonic crawler

Levels and vault maps discovered:
D:1:      grunt_arrival_lava_bath, layout_basic, ashenzari_altar_1
D:2:      layout_basic
D:3:      minmay_general_purpose_star, layout_basic, ebering_ghost_sewer_d,
          uniq_sigmund, uniq_natasha
D:4:      layout_loops_ring, xom_teletrap_fun, first_ration,
          minmay_misc_feat_room
D:5:      layout_cave_pods, grunt_temple_overflow_holy_war, marbit_many_paths
D:6:      layout_loops_ring, temple_green, kennysheep_small_square
D:7:      layout_gridville, chequers_temple_overflow_statue_of_worship,
          ebering_ghost_reflecting_pool, the_bakery, nrook_campfire,
          fedhas_altar_1
D:8:      layout_cave_pools, grunt_qazlal_clouds, lemuel_coloured_pillars_altar,
          serial_column_ruins, column_ruins_temple_circle,
          column_ruins_hut_ruined, column_ruins_corridor_corner,
          column_ruins_grid_1, column_ruins_grid_3,
          column_ruins_corridor_straight, column_ruins_open_tiny, serial_shops,
          shop_statue
D:9:      layout_small_grid, ebering_ghost_rock_garden, uniq_pikel
D:10:     layout_loops_cross, nicolae_trove_entry_crossroad,
          hangedman_decor_riveting, chequers_serial_rivers_room_a,
          hangedman_decor_clover_reticule, serial_bayou_lagoon_a
D:11:     layout_basic, david_lair_shrubbed
D:12:     layout_basic, chequers_avenue, tso_metal_star
D:13:     layout_roguey, david_vaults_4, corexii_leaking_fountain,
          statue_in_the_mist_lemuel, fountainhead, uniq_nessos
Temple:   nicolae_temple_great_sept
Lair:1:   wander_river, layout_chaotic_city, serial_bayou_pond_d,
          serial_bayou_pond_b, lemuel_centaur_altar, serial_bayou_shore_a,
          uniq_grum, uniq_nergalle
Lair:2:   layout_hall_layers, ebering_ghost_disaster_area, serial_bayou_ford_a,
          lemuel_fruit_tree, serial_bayou_shore_b, serial_bayou_shore_b
Lair:3:   layout_gridlike, dummy_spider_entry, infiniplex_staircase_pool,
          minmay_lair_oklob_chamber
Lair:4:   layout_concentric_octagons, skrybe_swamp_entry_bodies

Skill      XL: |  1  2  3  4  5  6  7  8  9 10 11 12 13 |
---------------+----------------------------------------+-----
Fighting       | 3 4 5 6 7 8 9 10 | 10.4
Dodging        | 2 3 4 5 6 7 8 |  8.5
Axes           | 3 4 5 6 8 9 10 11 12 | 12.0
Armour         | 4 5 6 7 8 9 |  9.2
Shields        | 4 5 6 7 8 9 |  9.2
Invocations    | 3 6 8 10 12 | 12.4

Action                   |  1- 3 |  4- 6 |  7- 9 | 10-12 | 13-15 || total
-------------------------+-------+-------+-------+-------+-------++-------
Melee: War axe           |   116 |   120 |   313 |   677 |   102 ||  1328
Invok: Lesser Servant of |       |       |       |     8 |     3 ||    11
 Abil: Heal Wounds       |     7 |     1 |    14 |    24 |     7 ||    53
  Use: Potion            |       |     1 |       |       |     3 ||     4
       Scroll            |       |       |    14 |     8 |       ||    22
  Eat: Chunk             |       |     3 |     6 |    16 |     1 ||    26
       Ration            |       |       |     1 |     1 |       ||     2
Armor: Scale mail        |    32 |       |       |       |       ||    32
       Plate armour      |    47 |    66 |   187 |   363 |    83 ||   746
Dodge: Dodged            |    33 |    24 |    94 |   233 |    53 ||   437
Block: Kite shield       |    71 |    54 |   186 |   453 |    90 ||   854

Table legend:
 A = Non-vault XP
 B = Vault XP
 C = Vault XP percentage of total XP
 D = Non-vault monster count
 E = Vault monster count
 F = Vault count percentage of total count
                 A         B        C        D         E       F
            +---------+---------+-------+---------+---------+-------
      Total |   37147 |    4975 |  11.8 |     307 |      19 |   5.8
            +---------+---------+-------+---------+---------+-------
        D:1 |       6 |       0 |   0.0 |       5 |       0 |   0.0
        D:2 |      46 |       0 |   0.0 |      11 |       0 |   0.0
        D:3 |      30 |     227 |  88.3 |      14 |       5 |  26.3
        D:4 |     400 |       0 |   0.0 |      16 |       0 |   0.0
        D:5 |     648 |       1 |   0.2 |      18 |       1 |   5.3
        D:6 |     609 |     121 |  16.6 |      15 |       1 |   6.2
        D:7 |     900 |     224 |  19.9 |      16 |       1 |   5.9
        D:8 |    1966 |       0 |   0.0 |      15 |       0 |   0.0
        D:9 |    2817 |     641 |  18.5 |      18 |       1 |   5.3
       D:10 |    1231 |       0 |   0.0 |      15 |       0 |   0.0
       D:11 |    2780 |     367 |  11.7 |      22 |       1 |   4.3
       D:12 |    9641 |       0 |   0.0 |      57 |       0 |   0.0
       D:13 |    3673 |    2715 |  42.5 |      31 |       5 |  13.9
     Lair:1 |    2297 |     414 |  15.3 |      11 |       3 |  21.4
     Lair:2 |    4857 |       0 |   0.0 |      16 |       0 |   0.0
     Lair:3 |    2030 |       0 |   0.0 |       9 |       0 |   0.0
     Lair:4 |    3216 |     265 |   7.6 |      18 |       1 |   5.3
            +---------+---------+-------+---------+---------+-------
